 Dungeon Crawl Stone Soup version 0.31.0-11-ge490571c62 (webtiles) character file.

Game seed: 5394034064439004396

34 Aviak the Magician (level 3, -1/24 HPs)
             Began as a Demonspawn Hedge Wizard on Jan 26, 2024.
             Slain by an orc wizard
             ... wielding a +0 dagger
              (4 damage)
             ... on level 2 of the Dungeon.
             The game lasted 00:02:18 (851 turns).

Aviak the Magician (Demonspawn Hedge Wizard)         Turns: 851, Time: 00:02:19

Health: -1/24      AC:  2    Str: 10    XL:     3   Next: 14%
Magic:  1/7        EV: 12    Int: 18    God:
Gold:   51         SH:  0    Dex: 12    Spells: 5/8 levels left

rFire   . . .        f - +0 short sword
rCold   . . .        (no shield)
rNeg    . . .        b - +0 robe
rPois   .            c - +0 hat
rElec   .            (no cloak)
rCorr   .            (no gloves)
SInv    .            (no boots)
Will    .....        (no amulet)
Stlth   +            (no ring)
HPRegen 0.24/turn    (no ring)
MPRegen 0.10/turn

%: no passive effects
@: confused, brilliant
A: big brain 1
a: no special abilities


You were on level 2 of the Dungeon.
You visited 1 branch of the dungeon, and saw 2 of its levels.

You collected 51 gold pieces.

Inventory:

Hand Weapons
 a - a +0 dagger
 f - a +0 short sword (weapon)
Armour
 b - a +0 robe (worn)
 c - a +0 hat (worn)
Scrolls
 e - a scroll of immolation {unknown}
 h - a scroll of revelation {unknown}
 j - 3 scrolls of teleportation {unknown}
Potions
 d - a potion of magic


   Skills:
 + Level 2.2 Dodging
 - Level 1.7 Stealth
 + Level 3.2 Spellcasting
 + Level 1.7 Conjurations
 + Level 1.6 Summonings
 - Level 0.8 Translocations


You had 5 spell levels left.
You knew the following spells:

 Your Spells              Type           Power      Damage    Failure   Level
a - Magic Dart            Conj           52%        1d5       8%          1
b - Call Imp              Summ           26%        N/A       12%         2

Your spell library contained the following spells:

 Spells                   Type           Power      Damage    Failure   Level
 Slow                     Hex            16%        N/A       16%         1
 Blink                    Tloc           18%        N/A       17%         2
 Cigotuvi's Dreadful Rot  Necr/Alch/Air  8%         N/A       24%         2
 Mephitic Cloud           Conj/Alch/Air  7%         N/A       36%         3
 Volatile Blastmotes      Fire/Tloc      12%        2d11      36%         3
 Iskenderun's Mystic Bla  Conj/Tloc      11%        2d4       67%         4
 Fulminant Prism          Conj/Alch      4%         3d5       73%         4


Dungeon Overview and Level Annotations

Branches:
Dungeon (2/15)

Altars:


Innate Abilities, Weirdness & Mutations

You have an unusually large brain. (Int +2)


Message History

The orc hits you with a +0 dagger.
You aren't carrying any items that you can evoke.
Okay, then.
You hit the orc but do no damage.
The orc is severely wounded.
The orc hits you with a +0 dagger.
You hit the orc.
You kill the orc!
You miss something. Something hits you.
* * * LOW HITPOINT WARNING * * *
It was a potion of curing.
You feel better. Something hits you.
You hit something. Something hits you.
Your magical contamination has completely faded away.
You hit something. Something hits you.
Casting: Magic Dart (safe; 8% risk of failure)
Confirm with . or Enter, or press ? or * to list all spells.
A tiny devil pulls itself out of the air.
Something hits you.
You barely miss something. Something hits you.
You hit something but do no damage. Something hits you.
* * * LOW HITPOINT WARNING * * *
Unknown command.
You hear some strange, mumbled words.
You are confused.
Okay, then.
Something hits you but does no damage. Something hits you but does no damage.
Something hits you.
* * * LOW HITPOINT WARNING * * *
Unknown command.
It was a potion of brilliance.
You feel clever all of a sudden. Something hits you.
* * * LOW HITPOINT WARNING * * *
Unknown command.
You feel less confused.
You hear some strange, mumbled words.
You are confused.
Something hits you.
You die...

#.# # .. .. #.# ...
#..## >... #... .....
#######.###......
.......5{)...... ##
#.....@###.....
#..##..............
#..........###.....
#..##......# ...
##..>......#### .
#...#...........
#..........##.
##########......#...#
..#........##.#####.#


You could see a friendly cerulean imp (summoned).

Vanquished Creatures
  2 dart slugs (D:1)
  2 orcs (D:2)
  3 ball pythons (D:1)
  3 bats (D:1)
  An endoplasm (D:1)
  4 giant cockroaches (D:1)
  2 goblins (D:1)
  A quokka (D:1)
  7 frilled lizards (D:1)
  A kobold (D:1)
  A rat (D:1)
27 creatures vanquished.

Notes
Turn   | Place    | Note
-------+----------+-------------------------------------------
     0 | D:1      | Aviak the Demonspawn Hedge Wizard began the quest for the
                  | Orb.
     0 | D:1      | Reached XP level 1. HP: 13/13 MP: 4/4
   178 | D:1      | Gained mutation: You have an unusually large brain. (Int
                  | +2) [demonic ancestry]
   178 | D:1      | Reached XP level 2. HP: 19/19 MP: 4/6
   461 | D:1      | Learned a level 2 spell: Call Imp
   686 | D:1      | Reached XP level 3. HP: 24/24 MP: 3/7
   851 | D:2      | Slain by an orc wizard

Illustrated notes

Levels and vault maps discovered:
D:1:      lemuel_arrival_broad_hall, layout_rooms
D:2:      wad_river_or_something, layout_rooms

Skill      XL: |  1 |
---------------+----+-----
Dodging        | 2 |  2.2
Stealth        | |  1.7
Spellcasting   | |  3.2
Conjurations   | |  1.7
Summonings     | |  1.6
Translocations | |  0.8

Action                     || total
---------------------------++-------
  Melee: Dagger            ||     1
         Short sword       ||    34
         Punch             ||     1
   Cast: Magic Dart        ||    51
         Call Imp          ||     1
    Use: Potion            ||     2
 Armour: Robe              ||    31
  Dodge: Dodged            ||    24
